 Dungeon Sprint DCSS version 0.22.0-21-g8bd1b0a (webtiles) character file.

1000000 poirepourri the Middleweight Champion (level 16, -5/116 HPs)
             Began as a Gargoyle Gladiator on Aug 19, 2018.
             Was a Believer of Makhleb.
             Slain by a meat berserker
             ... wielding a +9 battleaxe
              (40 damage)
             ... in the Dungeon (Sprint VIII: "Arena of Blood").
             The game lasted 00:00:14 (10 turns).

poirepourri the Middleweight Champion (GrGl)          Turns: 10, Time: 00:00:15

Health: -5/116     AC: 16    Str: 17    XL:     16   Next: 80%
Magic:  16/16      EV: 31    Int: 12    God:    Makhleb [**....]
Gold:   0          SH:  0    Dex: 16    Spells: 15/15 levels left

rFire    . . .     SeeInvis .   k - +∞ Axe of Woe
rCold    . . .     Gourm    .   (shield currently unavailable)
rNeg     + . .     Faith    .   a - +0 leather armour
rPois    ∞         Spirit   .   b - +0 helmet
rElec    +         Reflect  .   (no cloak)
rCorr    .         Harm     .   (no gloves)
MR       +....     NoTele   +   (no boots)
Stlth    +.........             (no amulet)
HPRegen  0.29/turn              (no ring)
MPRegen  0.15/turn              (no ring)

@: no status effects
A: big wings, negative energy resistance 1, electricity resistance, unbreathing,
petrification resistance, rot immunity, AC +12
a: Fly, Minor Destruction, Renounce Religion


You were in the Dungeon.
You worshipped Makhleb.
Makhleb was pleased with you.
You were not hungry.

You visited 1 branch

Inventory:

Hand Weapons
 k - the +∞ Axe of Woe (weapon)
   (You found it in the Dungeon)
Missiles
 c - 3 throwing nets (quivered)
Armour
 a - a +0 leather armour (worn)
 b - a +0 helmet (worn)
Scrolls
 j - a scroll of blinking
Potions
 e - a potion of curing
 f - a potion of heal wounds
 g - a potion of haste
 h - 2 potions of magic
 i - a potion of berserk rage
Comestibles
 d - a ration


   Skills:
 + Level 18.6 Fighting
 + Level 11.4 Axes
 + Level 14.5 Throwing
 + Level 2.6 Armour
 + Level 24.3 Dodging
 O Level 27 Unarmed Combat


You had 15 spell levels left.
You didn't know any spells.
Your spell library was empty.

Dungeon Overview and Level Annotations

Branches:
Dungeon (1/1)

Altars:
Makhleb


Innate Abilities, Weirdness & Mutations

You are resistant to torment.
Your stone body is resilient. (AC +12)
You are immune to poison.
Your large and strong wings let you fly indefinitely.
You resist negative energy. (rN+)
You are resistant to electric shocks. (rElec)
You can survive without breathing.
You are immune to petrification.
You are immune to rotting.


Message History

You feel clever.
You hit the bag of meat.
You pulverise the bag of meat into a thin bloody mist.
You kill the bag of meat!
Makhleb accepts your kill.
Your Fighting skill increases to level 18!
Your Axes skill increases to level 11!
Your Dodging skill increases to level 24!
You have mastered Unarmed Combat!
You hear a shout! x7
A bag of meat comes into view. It is wielding a +9 war axe.
The meat berserker hits you with a +9 battleaxe!!!
You hear a shout!
A meat berserker comes into view. It is wielding a +9 battleaxe.
You hear a shout!
The bag of meat hits you but does no damage.
You hear a shout! x2
A bag of meat comes into view. It is wielding a +9 war axe.
The meat berserker hits you with a +9 battleaxe!!!
You die...

..... .. #... .#
. #... ..#
..###... ..###.
......###o.....
....._......
#.....# #o)<._#
#@O...#
#.....).._......
........###......
...###.o. ..###.
.. #... ..# #....
.# o.... ..
....O.


You could see 2 meat berserkers and 4 bags of meat.

Vanquished Creatures
  3 ogres (D)
  3 orcs (D)
6 creatures vanquished.

Notes
Turn   | Place    | Note
-------+----------+-------------------------------------------
     0 | D        | Found the +∞ Axe of Woe
     0 | D        | poirepourri the Gargoyle Gladiator began the quest for the Orb.
     0 | D        | Reached XP level 1. HP: 12/12 MP: 1/1
     1 | D        | Noticed a meat berserker
     1 | D        | Noticed a bag of meat
     4 | D        | Became a worshipper of Makhleb the Destroyer
     4 | D        | Noticed a meat berserker
     5 | D        | Noticed a bag of meat
     6 | D        | Killed a meat berserker
     6 | D        | Reached skill level 10 in Throwing
     6 | D        | Reached skill level 20 in Unarmed Combat
     6 | D        | Reached XP level 2. HP: 31/31 MP: 2/2
     6 | D        | Reached XP level 3. HP: 36/36 MP: 3/3
     6 | D        | Reached XP level 4. HP: 41/41 MP: 4/4
     6 | D        | Reached XP level 5. HP: 46/46 MP: 5/5
     6 | D        | Reached XP level 6. HP: 52/52 MP: 6/6
     6 | D        | Reached XP level 7. HP: 56/56 MP: 7/7
     6 | D        | Reached XP level 8. HP: 62/62 MP: 8/8
     6 | D        | Reached XP level 9. HP: 67/67 MP: 9/9
     6 | D        | Reached XP level 10. HP: 72/72 MP: 10/10
     6 | D        | Reached XP level 11. HP: 77/77 MP: 11/11
     6 | D        | Reached XP level 12. HP: 82/82 MP: 12/12
     6 | D        | Reached XP level 13. HP: 87/87 MP: 13/13
     6 | D        | Noticed a bag of meat
     7 | D        | Killed a meat berserker
     7 | D        | Reached * piety under Makhleb
     7 | D        | Reached skill level 22 in Unarmed Combat
     7 | D        | Gained mutation: Your large and strong wings let you fly indefinitely. [Gargoyle growth]
     7 | D        | Reached XP level 14. HP: 96/96 MP: 14/14
     7 | D        | Noticed a bag of meat
     7 | D        | Noticed a meat berserker
     8 | D        | Killed a bag of meat
     8 | D        | Reached skill level 15 in Fighting
     8 | D        | Reached skill level 23 in Unarmed Combat
     8 | D        | Reached XP level 15. HP: 103/103 MP: 15/15
     8 | D        | Noticed a meat berserker
     9 | D        | Reached skill level 24 in Unarmed Combat
    10 | D        | Killed a meat berserker
    10 | D        | Reached ** piety under Makhleb
    10 | D        | Reached skill level 10 in Axes
    10 | D        | Reached skill level 26 in Unarmed Combat
    10 | D        | Reached XP level 16. HP: 73/114 MP: 16/16
    10 | D        | Reached skill level 27 in Unarmed Combat
    10 | D        | Noticed a meat berserker
    10 | D        | Slain by a meat berserker

Skill      XL: |  1  2  3  4  5  6  7  8  9 10 11 12 13 14 15 16 |
---------------+-------------------------------------------------+-----
Fighting       | 12 14 15 17 18 | 18.6
Axes           | 4 6 10 11 | 11.4
Throwing       | 10 12 14 | 14.5
Dodging        | 17 20 21 23 24 | 24.3
Unarmed Combat | 20 22 23 26 27 | 27.0
Armour         | 2 |  2.6

Action                   |  1- 3 |  4- 6 |  7- 9 | 10-12 | 13-15 | 16-18 || total
-------------------------+-------+-------+-------+-------+-------+-------++-------
Melee: Executioner's axe |     1 |       |       |       |     4 |       ||     5
Armor: Leather armour    |       |       |       |       |     1 |     1 ||     2
